 Dungeon Crawl Stone Soup version 0.29-a0-25-g7f48f510a0 (webtiles) character file.

Game seed: 13335793120615293218

262 testman the Ruffian (level 5, -4/44 HPs)
             Began as a Draconian Transmuter on Jan 31, 2022.
             Was an Initiate of Gozag.
             Killed by nerve-wracking pain
             ... invoked by Grinder
              (14 damage)
             ... while paralysed by Grinder
             ... on level 3 of the Dungeon.
             The game lasted 00:08:49 (3237 turns).

testman the Ruffian (Draconian Transmuter)          Turns: 3237, Time: 00:08:50

Health: -4/44      AC:  6    Str: 12    XL:     5   Next: 97%
Magic:  8/8        EV:  2    Int: 16    God:    Gozag
Gold:   370        SH:  0    Dex: 11    Spells: 1/8 levels left

rFire   . . .      SeeInvis .     - Unarmed
rCold   . . .      Faith    .   (no shield)
rNeg    . . .      Spirit   .   (armour unavailable)
rPois   .          Reflect  .   (helmet restricted)
rElec   .          Harm     .   (no cloak)
rCorr   .          Rampage  .   c - +0 pair of gloves
Will    .....                   (no boots)
Stlth   +.........              (no amulet)
HPRegen 0.14/turn               (no ring)
MPRegen 0.11/turn               (no ring)

@: paralysed
A: AC +5, unfitting armour, cold-blooded
a: Renounce Religion, Potion Petition, Call Merchant, Bribe Branch


You were on level 3 of the Dungeon.
You worshipped Gozag.
Gozag was aware of your devotion.
You visited 1 branch of the dungeon, and saw 3 of its levels.

You collected 370 gold pieces.

Inventory:

Missiles
 b - 18 sling bullets
 e - 4 boomerangs
 h - 3 poisoned darts
 k - 59 stones
 m - 2 throwing nets
Armour
 c - a +0 pair of gloves (worn)
Scrolls
 d - a scroll of enchant armour {unknown}
 g - 2 scrolls of amnesia {unknown}
 i - a scroll of holy word {unknown}
 j - a scroll of teleportation {unknown}
 l - a scroll of identify {unknown}
 n - a scroll of summoning {unknown}
Potions
 f - a potion of curing {unknown}


   Skills:
 - Level 2.9 Fighting
 - Level 1.7 Dodging
 - Level 4.0 Unarmed Combat
 - Level 2.0 Spellcasting
 + Level 3.9 Transmutations
 + Level 2.8 Ice Magic


You had one spell level left.
You knew the following spells:

 Your Spells              Type           Power      Damage    Failure   Level
a - Beastly Appendage     Tmut           28%        N/A       4%          1
b - Wereblood             Tmut           14%        N/A       6%          2
c - Ice Form              Ice/Tmut       12%        N/A       45%         4

Your spell library contained the following spells:

 Spells                   Type           Power      Damage    Failure   Level
 Passwall                 Tmut/Erth      5%         N/A       14%         2
 Ensorcelled Hibernation  Hex/Ice        12%        N/A       17%         2
 Spider Form              Tmut/Pois      7%         N/A       28%         3
 Swiftness                Air            1%         N/A       52%         3


Dungeon Overview and Level Annotations

Branches:
Dungeon (3/15)

Altars:
Ashenzari
Gozag
Xom
The Shining One

Annotations:
D:3 Grinder


Innate Abilities, Weirdness & Mutations

Your plain brown scales are hard. (AC +5)
You cannot fit into any form of body armour.
You are cold-blooded and may be slowed by cold attacks.


Message History

Confirm with . or Enter, or press ? or * to list all spells.
You grow a pair of large bovine horns.
Your feet morph into talons.
Grinder closely misses you.
You completely miss Grinder.
Grinder is lightly wounded.
Grinder hits you!
* * * LOW HITPOINT WARNING * * *
You writhe in agony.
* * * LOW HITPOINT WARNING * * *
Okay, then.
Okay, then.
As you read the scroll labelled ELIOTI GUNOAV, it crumbles to dust.
It is a scroll of enchant weapon.
You aren't carrying any weapons that can be enchanted.
Your transformation is almost over.
Grinder misses you. Grinder gestures at you. Pain shoots through your body!
* * * LOW HITPOINT WARNING * * *
There is an open door, spattered with blood here.
Things that are here:
a +0 club; a +0 spear; a +0 flail Unknown command.
Grinder gestures at you.
You barely resist. Grinder says, "Are you a fish?" Grinder gestures at you.
You resist with significant effort.
Your horns disappear.
Your talons disappear.
Found a scale mail.
Grinder gestures at you.
You suddenly lose the ability to move!
Grinder gestures at you.
You shrug off the repeated paralysis!
Grinder gestures at you.
You shrug off the repeated paralysis!
Grinder gestures at you. Pain shoots through your body!
You die...
Your body crumbles into a pile of gold.

##.........###................#..
#.........# #.....##............
#.........# #..>..##............
#.........###.....##............
#####.............##............
#......5.....[##########....
####........####....# #....
#................########
#.....#.@................
#.....#..................
#........<...............
#........###.............
####..........[...#......
#..............#......
#..............#######
################........### #
...............#........# #


You could see Grinder.

Vanquished Creatures
  Pargi (D:3)
  7 gnolls (D:3)
  6 adders
  A worm (D:2)
  2 giant cockroaches
  3 goblins
  6 hobgoblins
  3 jackals (D:2)
  3 quokkas
  7 ball pythons
  7 frilled lizards
  A kobold (D:2)
  3 rats
50 creatures vanquished.

Notes
Turn   | Place    | Note
-------+----------+-------------------------------------------
     0 | D:1      | testman the Draconian Transmuter began the quest for the
                  | Orb.
     0 | D:1      | Reached XP level 1. HP: 16/16 MP: 3/3
   209 | D:1      | Found a faded altar of an unknown god.
   225 | D:1      | Prayed at the altar of an unknown god.
   225 | D:1      | Became a worshipper of Gozag Ym Sagoz the Greedy
   324 | D:1      | Reached XP level 2. HP: 22/24 MP: 3/5
  1211 | D:2      | Reached XP level 3. HP: 29/30 MP: 4/6
  1214 | D:2      | Learned a level 2 spell: Wereblood
  1966 | D:2      | Reached XP level 4. HP: 35/37 MP: 5/7
  1994 | D:2      | Reached skill level 4 in Unarmed Combat
  2021 | D:2      | Learned a level 4 spell: Ice Form
  2300 | D:3      | Noticed Grinder
  2349 | D:3      | Found a glowing golden altar of the Shining One.
  2371 | D:3      | Noticed Pargi
  2436 | D:3      | Killed Pargi
  2437 | D:3      | Reached XP level 5. HP: 12/44 MP: 8/8
  3037 | D:3      | Found a broken altar of Ashenzari.
  3037 | D:3      | Found a shimmering altar of Xom.
  3192 | D:3      | Paralysed by Grinder for 5 turns
  3200 | D:3      | Paralysed by Grinder for 7 turns
  3232 | D:3      | Paralysed by Grinder for 7 turns
  3237 | D:3      | Killed from afar by Grinder

Illustrated notes

Levels and vault maps discovered:
D:1:      mushboom_english_gardens, layout_rooms,
          hellmonk_ecumenical_altar_blasted, glass_columns_a,
          minmay_misc_feat_x, minmay_misc_feat_four_crosses,
          kennysheep_crisscross, nrook_mini_backslash
D:2:      layout_basic
D:3:      layout_basic, nicolae_overflow_hidden_temple,
          gammafunk_temple_overflow_statue, columned_hall_lemuel, uniq_pargi,
          uniq_grinder

Skill      XL: |  1  2  3  4 |
---------------+-------------+-----
Fighting       | 2 |  2.9
Unarmed Combat | 4 |  4.0
Transmutations | 3 |  3.9
Ice Magic      | 2 |  2.8
Dodging        | |  1.7
Spellcasting   | |  2.0

Action                   |  1- 3 |  4- 6 || total
-------------------------+-------+-------++-------
Melee: Unarmed           |    84 |    85 ||   169
       Kick              |    15 |    13 ||    28
       Headbutt          |    10 |     6 ||    16
       Tailslap          |     8 |     9 ||    17
       Punch             |     4 |     4 ||     8
 Cast: Beastly Appendage |    18 |    13 ||    31
       Wereblood         |       |     3 ||     3
  Use: Scroll            |       |     1 ||     1
 Stab: Sleeping          |     1 |       ||     1
Armor: Skin              |    23 |    39 ||    62
Dodge: Dodged            |    50 |    53 ||   103

Table legend: (Time is in decaauts)
 A = Elapsed time spent in this place.
 B = Non-inter-level travel time spent in this place.
 C = Inter-level travel time spent in this place.
 D = Time resting spent in this place.
 E = Time spent auto-exploring this place.
 F = Levels seen in this place.
 G = Mean time per level.
                   A        B        C        D        E       F      G
               +--------+--------+--------+--------+--------+-----+--------+
         Total |   3228 |   3134 |     94 |    564 |   2094 |   3 | 1076.0 |
       Dungeon |   3228 |   3134 |     94 |    564 |   2094 |   3 | 1076.0 |
               +--------+--------+--------+--------+--------+-----+--------+

Top non-repeatable levels by time:
     D:2: 1658 daAuts
     D:1: 919 daAuts
     D:3: 650 daAuts
